 Dungeon Crawl Stone Soup version 0.30-a0-1163-gf69bf04e7a (webtiles) character file.

Game seed: 9211102696477447606

143025 CowFu the Warrior (level 17, -8/115 HPs)
             Began as a Gargoyle Fighter on Apr 28, 2023.
             Was the Champion of the Shining One.
             Hit by a silver javelin thrown by a merfolk javelineer (9 damage)
             ... on level 4 of the Shoals.
             The game lasted 00:54:57 (23520 turns).

CowFu the Warrior (Gargoyle Fighter)               Turns: 23520, Time: 00:54:58

Health: -8/115     AC: 46    Str: 29    XL:     17   Next: 36%
Magic:  9/9        EV: 20    Int: 13    God:    the Shining One [******]
Gold:   444        SH: 14    Dex: 19    Spells: 16/16 levels left

rFire   . . .        Z - +10 morningstar "Venulo" {antimagic, rPois Int+3 SInv}
rCold   . . .        c - +2 kite shield {rN+}
rNeg    + + +        u - +18 Lear's hauberk
rPois   ∞            (helmet currently unavailable)
rElec   +            g - +0 cloak
rCorr   .            (gloves currently unavailable)
SInv    +            (boots currently unavailable)
Will    ++...        J - amulet of regeneration Stlth
                     e - +5 ring of evasion
HPRegen 1.19/turn    z - ring "Duawuig" {rElec Will+ Str+4 Dex+10 Stlth-}
MPRegen 0.11/turn

%: no passive effects
@: flying, glowing, studying Polearms
A: sickness immunity, AC +12, big wings, negative energy resistance 1,
electricity resistance, torment resistance 1, petrification resistance, dopey 1,
screaming 1
a: Renounce Religion, Divine Shield, Cleansing Flame, Summon Divine Warrior,
Brand Weapon With Holy Wrath


You were on level 4 of the Shoals.
You worshipped the Shining One.
The Shining One was exalted by your worship.
You visited 6 branches of the dungeon, and saw 28 of its levels.
You also visited: Gauntlet.

You collected 2570 gold pieces.
You spent 2083 gold pieces at shops.
You donated 43 gold pieces to Zin.

Inventory:

Hand Weapons
 a - a +0 flail of freezing
 Q - a +3 dire flail of holy wrath
 Z - the +10 morningstar "Venulo" (weapon) {antimagic, rPois Int+3 SInv}
   (You found it on level 5 of the Lair of Beasts)

   Int:       It affects your intelligence (+3).
   rPois:     It protects you from poison.
   SInv:      It lets you see invisible.
Missiles
 j - 5 throwing nets (quivered)
Armour
 c - a +2 kite shield of positive energy (worn)
 g - a +0 cloak (worn)
 i - a +1 pair of gloves of dexterity
 u - the +18 Lear's hauberk (worn)
   (You found it on level 9 of the Dungeon)
 M - +0 fire dragon scales
Jewellery
 e - a +5 ring of evasion (left hand)
 z - the ring "Duawuig" (right hand) {rElec Will+ Str+4 Dex+10 Stlth-}
   (You bought it in a shop on level 12 of the Dungeon)

   [ring of dexterity]

   Str:       It affects your strength (+4).
   Dex:       It affects your dexterity (+10).
   rElec:     It insulates you from electricity.
   Will:      It increases your willpower.
   Stlth:     It makes you less stealthy.
 C - an amulet of reflection
 I - a ring of willpower
 J - an amulet of regeneration (around neck)
 N - the ring of Dithmenos's Whim {Fire rCorr}
   (You found it on level 8 of the Dungeon)

   [ring of fire]

   It enhances your fire magic.
   rF:        It protects you from fire.
   rC:        It makes you vulnerable to cold.
   rCorr:     It protects you from acid and corrosion.
 V - the ring "Eciff" {*Slow rC+++ rCorr Int+3 Dex+4}
   (You found it on level 2 of the Lair of Beasts)

   [ring of resist corrosion]

   Int:       It affects your intelligence (+3).
   Dex:       It affects your dexterity (+4).
   rC:        It renders you almost immune to cold.
   rCorr:     It protects you from acid and corrosion.
   *Slow:     It may slow you when you take damage.
Wands
 b - a wand of light (17)
 d - a wand of charming (30)
 m - a wand of digging (16)
 t - a wand of flame (56)
 O - a wand of polymorph (7)
 S - a wand of mindburst (8)
 X - a wand of iceblast (8)
Scrolls
 f - 11 scrolls of teleportation
 h - 4 scrolls of blinking
 k - 3 scrolls of enchant armour
 p - a scroll of fear
 r - 7 scrolls of amnesia
 w - 8 scrolls of fog
 x - 4 scrolls of poison
 D - 2 scrolls of vulnerability
 F - 4 scrolls of magic mapping
 K - a scroll of brand weapon
 P - 2 scrolls of silence
 R - 12 scrolls of identify
Potions
 l - 3 potions of lignification
 n - 11 potions of curing
 o - 6 potions of ambrosia
 q - 7 potions of haste
 s - 4 potions of resistance
 v - a potion of might
 A - 8 potions of brilliance
 E - 2 potions of cancellation
 G - 3 potions of attraction
 L - 3 potions of mutation
 T - a potion of berserk rage
 W - a potion of magic
Miscellaneous
 y - a phial of floods
 H - a tin of tremorstones (2/2)
 U - a box of beasts


   Skills:
 - Level 16.0 Fighting
 - Level 14.0 Maces & Flails
 - Level 16.0 Armour
 - Level 10.0 Dodging
 + Level 8.5 Shields
 + Level 15.3 Invocations


You had 16 spell levels left.
You didn't know any spells.
Your spell library contained the following spells:

 Spells                   Type           Power      Damage    Failure   Level
 Apportation              Tloc           0%         N/A       82%         1
 Beastly Appendage        Tmut           0%         N/A       82%         1
 Freeze                   Ice            0%         1d3       82%         1
 Necrotise                Necr           0%         1d4       82%         1
 Summon Small Mammal      Summ           0%         N/A       82%         1
 Ensorcelled Hibernation  Hex/Ice        0%         N/A       91%         2
 Passwall                 Tmut/Erth      0%         N/A       91%         2
 Wereblood                Tmut           0%         N/A       91%         2
 Frozen Ramparts          Ice            0%         1d1       99%         3
 Hailstorm                Conj/Ice       0%         3d3       99%         3
 Portal Projectile        Hex/Tloc       0%         N/A       99%         3
 Spider Form              Tmut/Pois      0%         N/A       99%         3
 Summon Guardian Golem    Hex/Summ       0%         N/A       99%         3
 Swiftness                Air            0%         N/A       99%         3
 Tukima's Dance           Hex            0%         N/A       99%         3
 Manifold Assault         Tloc           0%         N/A       100%        4
 Alistair's Intoxication  Tmut/Pois      0%         N/A       100%        5
 Blade Hands              Tmut           0%         N/A       100%        5
 Irradiate                Conj/Tmut      0%         3d11      100%        5
 Summon Mana Viper        Hex/Summ       0%         N/A       100%        5
 Dispersal                Tloc           0%         N/A       100%        6
 Dragon Form              Tmut           0%         N/A       100%        7
 Orb of Destruction       Conj           0%         9d5       100%        7
 Spellforged Servitor     Conj/Summ      0%         N/A       100%        7
 Disjunction              Tloc           0%         N/A       100%        8
 Cigotuvi's Dreadful Rot  Necr/Pois/Air  Unusable   N/A       N/A         2

Dungeon Overview and Level Annotations

Branches:
Dungeon (15/15)            Temple (1/1) D:5            Lair (5/5) D:10
 Shoals (4/4) Lair:2       Spider (0/4) Lair:2        Slime (0/5) Lair:5
    Orc (2/2) D:12            Elf (0/3) Orc:2        Vaults (0/5) D:14
 Depths (1/4) D:15        Gauntlet (visited)

Altars:
Ashenzari
Cheibriados
Dithmenos
Elyvilon
Fedhas
Gozag
Hepliaklqana
Kikubaaqudgha
Makhleb
Nemelex Xobeh
Okawaru
Qazlal
Ru
Sif Muna
Trog
Uskayaw
Vehumet
Wu Jian
Xom
Yredelemnul
Zin
The Shining One
Jiyva

Shops:
D:11 (   D:12 =[   Orc:1 *   Orc:2 [([=   Shoals:1 =   Shoals:2 (

Portals:
Hell: Depths:1

Annotations:
Lair:5 1 runed translucent door
Depths:1 Saint Roka, the Enchantress


Innate Abilities, Weirdness & Mutations

You are immune to sickness and miasma.
Your stone body is resilient. (AC +12)
You are immune to poison.
Your large and strong wings let you fly.
You resist negative energy. (rN+)
You are resistant to electric shocks. (rElec)
You are resistant to unholy torment.
You are immune to petrification.
You are dopey. (Int -2)
You occasionally shout uncontrollably at your foes.


Message History

Cornered, the manticore turns to fight!
The merfolk hits you but does no damage.
The merfolk javelineer throws a silver javelin.
The silver javelin pierces through you but does no damage.
The silver sears you!
* * * LOW HITPOINT WARNING * * *
The merfolk javelineer throws a silver javelin.
The silver javelin closely misses you.
You barely miss the merfolk.
The merfolk is moderately wounded.
You block the merfolk's attack.
You puncture the merfolk!
The merfolk is heavily wounded.
The merfolk javelineer throws a silver javelin.
The silver javelin pierces through you but does no damage.
The silver sears you!
* * * LOW HITPOINT WARNING * * *
The merfolk impaler misses you. You block the merfolk's attack.
The merfolk impaler hits you but does no damage.
You impale the merfolk!!
The merfolk is almost dead.
The merfolk javelineer throws a silver javelin.
The silver javelin pierces through you!
* * * LOW HITPOINT WARNING * * *
The silver sears you!
* * * LOW HITPOINT WARNING * * *
The merfolk impaler hits you but does no damage.
The merfolk hits you but does no damage.
You puncture the merfolk!
You kill the merfolk!
You hear a splash. x2
The merfolk impaler hits you but does no damage.
The merfolk javelineer throws a silver javelin.
The silver javelin pierces through you!
* * * LOW HITPOINT WARNING * * *
The silver sears you!
* * * LOW HITPOINT WARNING * * *
The merfolk javelineer throws a silver javelin.
The silver javelin pierces through you!
You die...

##~~~~~~~~~~~~~~~~~~..<..~~
#.~~~~~~~~~~~~~~~~~~..###.~
#~~.~~~~~~~~~~~......# #..
#..$.~~~~~~~~~......)###.P
###....~~~~~~~~............P ###
#~~....~~~~~~~~........##...
#~~###~~.....~~~~~~~...........~.
~~~~~~~~.##~#~#~~)~~......~~.~~~#
~~~~~~~..#######@~~~~~~~~~~~~~~~#
~~~~~..###~###m~##~~~~~~~~≈~~~~.#
........#~~~H)m)# ~~~~~~~≈~~~~.#
.......~#..#~#m## .~~~~~~≈≈≈≈≈.#
.......~##≈~φ)≈~#....~~~~~≈≈≈≈~.#
.......###.#~#~###.~~~~~~~≈~~~~..
#......~#/..≈~~~ #.~~~~~~~~~~~~~.
##~....###.#..~###.~~~~~~~~~.....
###.....#######..~≈≈≈≈≈P~~......


You could see a merfolk impaler, 2 merfolk javelineers and a manticore.

Vanquished Creatures
  A kraken (Shoals:3)
  A frost giant (Shoals:4)
  A spriggan defender (D:15)
  An orc warlord (Orc:2)
  A minotaur (Gauntlet)
  Azrael (Orc:2)
  5 merfolk javelineers
  Snorg (D:13)
  2 fire dragons (D:15)
  Josephine (Lair:5)
  5 merfolk impalers
  Harold (Orc:1)
  Fannar (Orc:1)
  A catoblepas (Lair:2)
  6 hydras
  A spriggan air mage (D:15)
  A hydra (shapeshifter) (D:14)
  6 merfolk avatars
  9 centaur warriors
  6 tengu warriors
  6 death yaks (Lair:3)
  3 two-headed ogres
  2 merfolk aquamancers
  An orc high priest (Orc:2)
  A satyr (Shoals:4)
  Urug (Lair:5)
  A spriggan berserker (D:15)
  A fire crab (shapeshifter) (D:13)
  A fire crab (Lair:2)
  Nergalle (Orc:1)
  6 skysharks
  A deep troll (D:10)
  11 sea snakes
  23 harpies
  8 manticores
  A lindwurm (Lair:5)
  A shining eye (Gauntlet)
  3 deep elf pyromancers
  3 orc sorcerers (Orc:2)
  An oklob plant (Lair:2)
  15 ugly things
  7 fauns
  10 cyclopes
  17 elephants
  A torpor snail (Lair:5)
  7 black mambas
  8 merfolk sirens
  3 water nymphs
  Maurice (D:8)
  18 cane toads
  A guardian serpent (shapeshifter) (D:14)
  An ice statue (Gauntlet)
  A cane toad (shapeshifter) (D:14)
  Psyche (D:8)
  3 kobold demonologists
  2 efreet
  An unseen horror (D:11)
  5 rime drakes
  8 komodo dragons
  2 tengu conjurers (Gauntlet)
  28 merfolk
  9 trolls
  6 hornets
  5 polar bears
  3 wind drakes
  15 blink frogs
  4 snapping turtles
  5 dream sheep
  A raiju (shapeshifter) (D:15)
  Sigmund (D:2)
  5 slime creatures
  2 culicivoras (Lair:2)
  A spriggan (shapeshifter) (D:14)
  2 water elementals (Shoals:1)
  A shadow (D:11)
  A vampire (D:11)
  45 yaks
  8 wraiths
  4 wyverns
  5 fire elementals (Orc:2)
  2 steam dragons
  4 basilisks
  A golden eye (Gauntlet)
  5 vampire mosquitoes (D:13)
  4 wargs
  12 water moccasins
  A floating eye (Gauntlet)
  A hell hound (Orc:2)
  28 orc warriors
  9 ogres
  3 black bears
  5 boggarts (D:15)
  8 centaurs
  2 kobold brigands (D:8)
  12 bullfrogs
  A gnoll sergeant (D:7)
  6 scorpions
  3 wights (D:10)
  3 killer bees (D:9)
  A vampire bat (D:6)
  2 electric eels (Lair:2)
  6 howler monkeys
  2 hounds
  A gnoll bouda (D:7)
  A jelly (D:6)
  31 orc priests
  A sleepcap (D:7)
  2 iguanas
  Terence (D:2)
  32 orc wizards
  13 gnolls
  8 adders
  A shadow imp (D:7)
  A white imp (D:7)
  A worm (D:2)
  3 dart slugs
  83 orcs
  4 ball pythons
  11 endoplasms
  2 giant cockroaches
  3 goblins
  8 hobgoblins
  4 jackals
  4 quokkas
  3 training dummies (Shoals:2)
  11 bats
  5 frilled lizards
  16 kobolds
  7 rats
  3 tentacles (Shoals:3)
772 creatures vanquished.

Vanquished Creatures (others)
  A merfolk aquamancer (Shoals:4)
  A manticore (Shoals:4)
  A kobold brigand (D:8)
  A kobold (D:8)
  17 fungi
  84 plants
  27 tentacles (Shoals:3)
132 creatures vanquished.

Grand Total: 904 creatures vanquished

Notes
Turn   | Place    | Note
-------+----------+-------------------------------------------
     0 | D:1      | CowFu the Gargoyle Fighter began the quest for the Orb.
     0 | D:1      | Reached XP level 1. HP: 14/14 MP: 1/1
    96 | D:1      | Reached XP level 2. HP: 14/19 MP: 2/2
   621 | D:1      | Reached XP level 3. HP: 23/23 MP: 3/3
  1150 | D:2      | Noticed Terence
  1155 | D:2      | Killed Terence
  1156 | D:2      | Reached XP level 4. HP: 28/28 MP: 4/4
  1211 | D:2      | Noticed Sigmund
  1248 | D:2      | Killed Sigmund
  1249 | D:2      | Reached XP level 5. HP: 13/32 MP: 5/5
  1249 | D:2      | Reached XP level 6. HP: 16/37 MP: 6/6
  1943 | D:3      | Found a shadowy altar of Dithmenos.
  1996 | D:3      | Found a faded altar of an unknown god.
  2116 | D:3      | Found a bloodstained altar of Trog.
  2321 | D:3      | Identified the +0 robe of Recklessness {Drain +Blink
                  | Will+++ Str-4}
  2666 | D:4      | Reached XP level 7. HP: 41/41 MP: 7/7
  3380 | D:5      | Entered Level 5 of the Dungeon
  4066 | D:5      | Found a staircase to the Ecumenical Temple.
  4221 | Temple   | Entered the Ecumenical Temple
  4314 | Temple   | Became a worshipper of Zin the Law-Giver
  4314 | Temple   | Reached * piety under Zin
  4650 | D:6      | Reached XP level 8. HP: 46/46 MP: 8/8
  4879 | D:6      | Reached skill level 10 in Maces & Flails
  5451 | D:6      | Noticed a hornet
  5481 | D:6      | Killed a hornet
  5482 | D:6      | Reached XP level 9. HP: 37/51 MP: 9/9
  5544 | D:6      | Identified the +11 hand axe "Uwagu" {heavy, rF+++ rN+ Dex+3
                  | Stlth-}
  5791 | D:7      | Reached ** piety under Zin
  6422 | D:8      | Identified the ring of Dithmenos's Whim {Fire rCorr}
  6744 | D:8      | Reached XP level 10. HP: 56/56 MP: 10/10
  6772 | D:8      | Noticed Maurice
  6783 | D:8      | Noticed Psyche
  6833 | D:8      | Reached *** piety under Zin
  6834 | D:8      | Found a blossoming altar of Fedhas.
  6903 | D:8      | Killed Psyche
  6943 | D:8      | Found a glowing golden altar of the Shining One.
  6996 | D:8      | Killed Maurice
  7112 | D:8      | Fell from the grace of Zin
  7112 | D:8      | Became a worshipper of the Shining One
  7112 | D:8      | Reached * piety under the Shining One
  7146 | D:9      | Found a broken altar of Ashenzari.
  7373 | D:9      | Found a basalt altar of Yredelemnul.
  7515 | D:9      | Reached skill level 5 in Invocations
  7612 | D:9      | Noticed a kobold demonologist
  7655 | D:9      | Noticed a rust devil
  7686 | D:9      | Killed a kobold demonologist
  7876 | D:9      | Found the +18 Lear's hauberk
  7877 | D:9      | Noticed a tengu warrior
  7893 | D:9      | Killed a tengu warrior
  7924 | D:9      | Got the -2 hat of the Red Skies {rC+ Dex+5 Stlth+}
  8152 | D:10     | Entered Level 10 of the Dungeon
  8194 | D:10     | Found a staircase to the Lair.
  8218 | D:10     | Reached ** piety under the Shining One
  8322 | D:10     | Noticed a two-headed ogre
  8331 | D:10     | Killed a two-headed ogre
  8332 | D:10     | Reached XP level 11. HP: 43/60 MP: 16/18
  8385 | D:10     | Reached skill level 10 in Invocations
  8385 | D:10     | Noticed a two-headed ogre
  8400 | D:10     | Killed a two-headed ogre
  8800 | D:10     | Noticed a deep troll
  8806 | D:10     | Killed a deep troll
  8861 | Lair:1   | Entered Level 1 of the Lair of Beasts
  8896 | D:11     | Found Yleab's Weapon Shop.
  9166 | D:11     | Found an ancient bone altar of Kikubaaqudgha.
  9707 | D:12     | Found a gate leading to a gauntlet.
  9710 | D:12     | Found Guregroh's Armour Boutique.
  9717 | Gauntlet | Entered a Gauntlet
  9717 | Gauntlet | Found a transporter.
  9717 | Gauntlet | Found a transporter.
  9730 | Gauntlet | Noticed a wretched star
  9740 | Gauntlet | Found a transporter.
  9742 | Gauntlet | Found a transporter.
  9749 | Gauntlet | Noticed a catoblepas
  9780 | Gauntlet | Found a transporter.
  9795 | Gauntlet | Noticed a tengu warrior
  9799 | Gauntlet | Found a transporter.
  9805 | Gauntlet | Found a transporter.
  9813 | Gauntlet | Found a transporter.
  9833 | Gauntlet | Found a transporter.
  9833 | Gauntlet | Noticed a shining eye
  9833 | Gauntlet | Reached *** piety under the Shining One
  9839 | Gauntlet | Found a transporter.
  9857 | Gauntlet | Found a transporter.
  9880 | Gauntlet | Found a transporter.
 10064 | Gauntlet | Gained mutation: You are dopey. (Int -2) [a shining eye]
 10071 | Gauntlet | Gained mutation: You occasionally shout uncontrollably at
                  | your foes. [a shining eye]
 10072 | Gauntlet | Killed a shining eye
 10092 | Gauntlet | Reached skill level 1 in Dodging
 10162 | Gauntlet | Killed a tengu warrior
 10163 | Gauntlet | Reached XP level 12. HP: 62/66 MP: 22/22
 10203 | Gauntlet | Noticed a minotaur
 10220 | Gauntlet | HP: 3/67 [minotaur/+0 broad axe of flaming (10)]
 10221 | Gauntlet | The Shining One protects you from harm!
 10227 | Gauntlet | Killed a minotaur
 10268 | D:12     | Reached skill level 5 in Fighting
 10300 | D:12     | Reached skill level 5 in Armour
 10342 | D:12     | Found a staircase to the Orcish Mines.
 10418 | D:12     | Found Paire's One-of-a-Kind Rings.
 10832 | D:13     | Noticed a centaur warrior
 10844 | D:13     | Killed a centaur warrior
 11000 | D:13     | Noticed a centaur warrior
 11025 | D:13     | Killed a centaur warrior
 11188 | D:13     | Noticed Snorg
 11207 | D:13     | Killed Snorg
 11238 | D:13     | Noticed a centaur warrior
 11247 | D:13     | Killed a centaur warrior
 11248 | D:13     | Reached skill level 5 in Dodging
 11248 | D:13     | Reached XP level 13. HP: 73/76 MP: 23/23
 11274 | D:13     | Reached **** piety under the Shining One
 12133 | D:14     | Found a gate to the Vaults.
 12140 | D:14     | a slime creature changed into a spark wasp
 12140 | D:14     | Noticed a spark wasp (glowing shapeshifter)
 12145 | D:14     | a spark wasp changed into a fire dragon
 12145 | D:14     | Noticed a fire dragon (glowing shapeshifter)
 12150 | D:14     | a fire dragon changed into an ettin
 12150 | D:14     | Noticed an ettin (glowing shapeshifter)
 12151 | D:14     | an ettin changed into a boulder beetle
 12153 | D:14     | a boulder beetle changed into a spark wasp
 12153 | D:14     | Noticed a spark wasp (glowing shapeshifter)
 12156 | D:14     | a spark wasp changed into a six-headed hydra
 12316 | D:15     | Entered Level 15 of the Dungeon
 12463 | D:15     | Noticed a fire dragon
 12463 | D:15     | Noticed a fire dragon
 12488 | D:15     | Killed a fire dragon
 12497 | D:15     | Killed a fire dragon
 12498 | D:15     | Reached skill level 10 in Fighting
 12498 | D:15     | Reached skill level 10 in Armour
 12517 | D:15     | Found a staircase to the Depths.
 12587 | D:15     | Identified the +1 robe of Leapfrog {Dex+2}
 12706 | D:15     | Identified the +9 short sword of Qyalat {vamp, rPois Str+3}
 12739 | D:15     | Gained mutation: Your large and strong wings let you fly.
                  | [Gargoyle growth]
 12739 | D:15     | Reached XP level 14. HP: 88/88 MP: 24/24
 12764 | D:15     | Reached ***** piety under the Shining One
 13233 | Depths:1 | Entered Level 1 of the Depths
 13233 | Depths:1 | Noticed a spriggan defender
 13233 | Depths:1 | Found a gateway to Hell.
 13233 | Depths:1 | Found a basalt altar of Yredelemnul.
 13234 | Depths:1 | Noticed a vampire knight
 13240 | Depths:1 | Noticed a spriggan defender
 13241 | Depths:1 | Noticed a spriggan defender
 13282 | D:15     | Killed a spriggan defender
 13342 | Depths:1 | Noticed the Enchantress
 13343 | Depths:1 | Noticed a shadow dragon
 13343 | Depths:1 | Noticed Saint Roka
 14233 | Lair:2   | Found a hole to the Spider Nest.
 14330 | Lair:2   | Found a staircase to the Shoals.
 14659 | Lair:2   | Reached skill level 10 in Dodging
 15040 | Lair:2   | Identified the ring "Eciff" {*Slow rC+++ rCorr Int+3 Dex+4}
 15864 | Lair:3   | Reached XP level 15. HP: 79/96 MP: 25/25
 17366 | Lair:4   | Got the Meditations on Calling and Nightshade
 17377 | Lair:4   | You are sucked into a shaft and drop 1 floor!
 17377 | Lair:5   | Entered Level 5 of the Lair of Beasts
 17377 | Lair:5   | Noticed Urug
 17811 | Lair:5   | Identified the +0 chain mail of Winter {rPois rF+ Regen+}
 17961 | Lair:5   | Noticed Josephine
 17987 | Lair:5   | Killed Josephine
 18003 | Lair:5   | Killed Urug
 18185 | Lair:5   | Found a runed translucent door.
 18185 | Lair:5   | Found a viscous altar of Jiyva.
 18186 | Lair:5   | Noticed an azure jelly
 18233 | Lair:5   | Identified the +10 morningstar "Venulo" {antimagic, rPois
                  | Int+3 SInv}
 18333 | Lair:5   | Found a staircase to the Slime Pits.
 18333 | Lair:5   | Noticed an azure jelly
 18737 | Orc:1    | Entered Level 1 of the Orcish Mines
 18763 | Orc:1    | Found Xischekof's Assorted Antiques.
 18772 | Orc:1    | Noticed Nergalle
 18787 | Orc:1    | Killed Nergalle
 18865 | Orc:1    | Bought a grey potion for 33 gold pieces
 18865 | Orc:1    | Bought a glowing cyan potion for 33 gold pieces
 18890 | Orc:1    | Noticed Fannar
 18904 | Orc:1    | Killed Fannar
 18924 | Orc:1    | Noticed Harold
 18939 | Orc:1    | Killed Harold
 19135 | Orc:2    | Entered Level 2 of the Orcish Mines
 19166 | Orc:2    | Found a staircase to the Elven Halls.
 19176 | Orc:2    | Reached ****** piety under the Shining One
 19209 | Orc:2    | Noticed Azrael
 19225 | Orc:2    | Killed Azrael
 19321 | Orc:2    | Noticed an orc warlord
 19511 | Orc:2    | Reached XP level 16. HP: 107/107 MP: 8/26
 19786 | Orc:2    | Found Giuceh's Antique Weapon Shoppe.
 19788 | Orc:2    | Found Koma's Antique Armour Emporium.
 19902 | Orc:2    | Found Liotiz Weuke's Antique Armour Emporium.
 20004 | Orc:2    | Found Huus's Jewellery Shoppe.
 20066 | D:12     | Bought the ring "Duawuig" {rElec Will+ Str+4 Dex+10 Stlth-}
                  | for 2017 gold pieces
 20508 | Shoals:1 | Entered Level 1 of the Shoals
 20639 | Shoals:1 | Reached skill level 15 in Fighting
 20639 | Shoals:1 | Reached skill level 15 in Armour
 20739 | Shoals:1 | Found Pafewiru's Jewellery Shop.
 21016 | Shoals:1 | Reached skill level 5 in Shields
 22111 | Shoals:2 | Found Xenalown's Firing Range.
 22441 | Shoals:3 | Noticed a kraken
 22846 | Shoals:3 | Reached XP level 17. HP: 107/115 MP: 9/27
 23154 | Shoals:3 | Killed a kraken
 23165 | Shoals:4 | Entered Level 4 of the Shoals
 23332 | Shoals:4 | Reached skill level 15 in Invocations
 23520 | Shoals:4 | HP: 5/115 [merfolk javelineer/silver javelin (15)]
 23520 | Shoals:4 | HP: 1/115 [merfolk javelineer/silver javelin (4)]
 23520 | Shoals:4 | Hit by a silver javelin thrown by a merfolk javelineer

Illustrated notes

Levels and vault maps discovered:
D:1:      erik_arrival_cave_to_civilisation [erik_arrival_cave_to_hall],
          layout_basic
D:2:      layout_rooms, st_stairs_13, uniq_sigmund, uniq_terence
D:3:      layout_basic, trog_book, grunt_dithmenos_smoke,
          shapermc_ecumenical_altar_starsandcircs
D:4:      layout_loops_corners
D:5:      layout_cave_pods, minmay_temple_entry_glassed_door,
          hangedman_decor_clover_reticule
D:6:      layout_loops_ring, roderic_batcave
D:7:      layout_basic
D:8:      layout_rooms, fedhas_ov_isle_minmay, tso_altar, serial_bayou_pond_d,
          nicolae_nh_ransacked_shop, uniq_psyche, uniq_maurice
D:9:      layout_irregular_city, evilmike_ruin_ashenzari, kennysheep_mini_moat,
          hellmonk_guarded_unrand_lears
D:10:     dreamdust_cave_troll, layout_irregular_city, erik_lair_orcish_takeover
D:11:     layout_cave_pods, serial_shops, nicolae_shop_peninsula,
          kiku_gazebo_pond_becter
D:12:     layout_roguey, orc_david_3, gauntlet_entry_generic,
          nicolae_shop_unique_rings
D:13:     layout_irregular_city, uniq_snorg
D:14:     layout_loops_cross, david_vaults_2,
          minmay_staircase_statues_hall_small
D:15:     grunt_enter_depths_hoard, layout_irregular_city,
          hangedman_decor_diamond_cutter
Temple:   lightli_temple_of_artemis
Lair:1:   layout_gridlike
Lair:2:   nzn_winding_woodlands_huge [nzn_winding_woodlands_5x15_sawtooth,
          nzn_winding_woodlands_5x15_lazy_stream,
          nzn_winding_woodlands_5x15_pockets, nzn_winding_woodlands_5x15_twine,
          nzn_winding_woodlands_5x15_crooked, nzn_winding_woodlands_5x15_zeroes,
          nzn_winding_woodlands_5x15_parted,
          nzn_winding_woodlands_5x15_pathside_ponds,
          nzn_winding_woodlands_5x15_pool,
          nzn_winding_woodlands_5x15_river_crossing,
          nzn_winding_woodlands_center_lodge,
          nzn_winding_woodlands_center_garden,
          nzn_winding_woodlands_15x15_five_gardens], layout_regular_city,
          minmay_shoals_entry_lonely_mermaid,
          hellmonk_spider_entry_life_and_decay
Lair:3:   layout_gridlike
Lair:4:   layout_regular_city
Lair:5:   gammafunk_lair_ancient_temple, layout_long_grid, slime_entry_2,
          columned_hall_lemuel, small_statue_intersection, uniq_urug,
          uniq_josephine
Shoals:1: layout_shoals, serial_shops, shop_statue
Shoals:2: layout_shoals, nicolae_shop_firing_range
Shoals:3: layout_shoals, hangedman_shoals_cup_caves
Shoals:4: shoals_end_grunt_ice, layout_shoals, shoal_ilsuiw,
          nicolae_shoals_lost_giant_temple, nicolae_shoals_wave_tunnel,
          uniq_aizul
Orc:1:    layout_caves, serial_shops, shop, basic_altar, uniq_fannar,
          uniq_harold, uniq_nergalle
Orc:2:    grunt_orc_community_town_hall, layout_caves,
          grunt_orc_community_big_house_1, grunt_orc_community_big_house_2,
          grunt_orc_community_house_3, grunt_orc_community_house_1,
          grunt_orc_community_house_3, grunt_orc_community_house_3,
          grunt_orc_community_house_2, uniq_azrael
Depths:1: minmay_strange_plus, layout_cave_shapes, enter_ziggurat_c,
          yredelemnul_altar_generic, hell_entry, abyss_entry_glasseish,
          eat_drink_and_be_merry_uskayaw, uniq_saint_roka, uniq_enchantress

Skill      XL: |  1  2  3  4  5  6  7  8  9 10 11 12 13 14 15 16 17 |
---------------+----------------------------------------------------+-----
Maces & Flails | 3 4 6 7 9 11 13 14 | 14.0
Invocations    | 9 13 14 15 | 15.3
Dodging        | 1 5 7 10 | 10.0
Fighting       | 4 7 10 11 14 15 16 | 16.0
Armour         | 4 7 10 11 14 15 16 | 16.0
Shields        | 6 8 |  8.5

Action                     |  1- 3 |  4- 6 |  7- 9 | 10-12 | 13-15 | 16-18 || total
---------------------------+-------+-------+-------+-------+-------+-------++-------
  Melee: Flail             |   136 |   153 |   545 |   146 |       |       ||   980
         Dire flail        |       |       |       |   424 |  1181 |       ||  1605
         Morningstar       |       |       |       |       |   228 |   707 ||   935
 Invoke: Recite            |       |       |     7 |     3 |       |       ||    10
    Use: Potion            |       |     1 |     3 |     6 |     3 |     5 ||    18
         Scroll            |       |       |       |    25 |     7 |     1 ||    33
   Stab: Confused          |       |       |     2 |       |       |       ||     2
 Armour: Scale mail        |    88 |    58 |   240 |    93 |       |       ||   479
         Chain mail        |       |       |       |   256 |   802 |   372 ||  1430
  Dodge: Dodged            |    66 |   108 |   360 |   381 |   966 |   551 ||  2432
  Block: Buckler           |    35 |    24 |   100 |    24 |       |       ||   183
         Kite shield       |       |       |       |       |   112 |   526 ||   638

Table legend: (Time is in decaauts)
 A = Elapsed time spent in this place.
 B = Non-inter-level travel time spent in this place.
 C = Inter-level travel time spent in this place.
 D = Time resting spent in this place.
 E = Time spent auto-exploring this place.
 F = Levels seen in this place.
 G = Mean time per level.
                   A        B        C        D        E       F      G
               +--------+--------+--------+--------+--------+-----+--------+
         Total |  22757 |  21382 |   1375 |      4 |  15606 |  29 |  784.7 |
       Dungeon |  12812 |  11808 |   1004 |      0 |   9103 |  15 |  854.1 |
        Temple |    113 |     93 |     20 |      0 |     82 |   1 |  113.0 |
          Lair |   4817 |   4593 |    224 |      0 |   3626 |   5 |  963.4 |
        Shoals |   2945 |   2913 |     32 |      0 |   1754 |   4 |  736.2 |
  Orcish Mines |   1552 |   1459 |     93 |      0 |    880 |   2 |  776.0 |
        Depths |      8 |      8 |      0 |      0 |      0 |   1 |    8.0 |
      Gauntlet |    507 |    507 |      0 |      4 |    161 |   1 |  507.0 |
               +--------+--------+--------+--------+--------+-----+--------+

Top non-repeatable levels by time:
  Lair:2: 1577 daAuts
     D:6: 1227 daAuts
   Orc:2: 1054 daAuts
  Lair:5: 1037 daAuts
     D:5: 1009 daAuts
    D:15: 999 daAuts
     D:9: 995 daAuts
     D:1: 960 daAuts
Shoals:2: 945 daAuts
Shoals:1: 927 daAuts
     D:3: 910 daAuts
     D:4: 908 daAuts
  Lair:3: 871 daAuts
    D:11: 832 daAuts
    D:14: 809 daAuts
